[Event "IIFL Wealth  4th Mumbai Junior U-13"]
[Site "Mumbai"]
[Date "2019.01.05"]
[Round "7"]
[White "Bhagyashree G Patil"]
[Black "Nehete Arnav"]
[Result "0-1"]
[ECO "B13"]
[WhiteElo "1215"]
[BlackElo "1544"]
[Annotator "NA RC"]
[PlyCount "160"]
[EventDate "2018.12.30"]
[EventType "swiss"]
[EventCountry "IND"]
[SourceTitle "playchess.com"]
[Source "ChessBase"]
[SourceQuality "1"]
[TimeControl "40/5400+30:1800+30"]

1. e4 c6 2. d4 d5 3. exd5 cxd5 4. Bd3 Nc6 5. c3 Qc7 6. h3 e6 7. Nf3 Bd6 8. O-O Nge7 9. Be3 Ng6 10. Nbd2 O-O 11. Nb3 Bf4 12. Bxf4 Nxf4 13. Bc2 b6 14. Ng5 h6 15. Nf3 Re8 16. Qd2 Ba6 17. Rfe1 Rac8 18. Rac1 Nh5 19. Ne5 Nf6 20. Kh1 Ne7 21. Qe3 Bb7 22. Bd3 Ne4 23. Bxe4 dxe4 24. Nd2 f6 25. Ng4 h5 26. Nh2 Nf5 27. Qe2 e3 28. Ndf1 exf2 29. Qxf2 h4 30. Nf3 Qf4 31. Qd2 Qxd2 32. N1xd2 Rcd8 33. Rcd1 g5 34. Ne4 Bxe4 35. Nd2 Bb7 36. Nf1 Ba6 37. Ne3 Nxe3 38. Rxe3 e5 39. Ree1 exd4 40. cxd4 Rxe1+ 41. Rxe1 Rxd4 42. Re7 Ra4 43. Rxa7 Rxa2 44. b4 Bc4 45. Rb7 b5 46. Rb8+ Kg7 47. Rb7+ Kg6 48. Rb8 Rb2 49. Kg1 Rxb4 50. Rd8 Rb3 51. Rd2 Kf5 52. Kf2 Ra3 53. Kg1 Ra1+ 54. Kh2 Ke4 55. Rf2 f5 56. Rb2 Ra2 57. Rb1 Kd3 58. Rd1+ Rd2 59. Re1 Bd5 60. Rg1 Rxg2+ 61. Rxg2 Bxg2 62. Kxg2 f4 63. Kf3 b4 64. Kf2 b3 65. Kf3 b2 66. Kg4 b1=Q 67. Kxg5 Qg1+ 68. Kxf4 Qg3+ 69. Kf5 Qf3+ 70. Kg5 Qg3+ 71. Kf5 Qxh3+ 72. Kg5 Qg3+ 73. Kf5 h3 74. Kf6 h2 75. Kf5 h1=R 76. Ke6 Rf1 77. Kd5 Rf5+ 78. Kc6 Qg6+ 79. Kc7 Rf7+ 80. Kc8 Qg8# 0-1

[Event "IIFL Wealth  4th Mumbai Junior U-13"]
[Site "Mumbai"]
[Date "2019.01.05"]
[Round "7"]
[White "Riddhika Kotia"]
[Black "Agarwal Mukund H"]
[Result "0-1"]
[ECO "D05"]
[WhiteElo "1213"]
[BlackElo "1375"]
[Annotator "NA RC"]
[PlyCount "96"]
[EventDate "2018.12.30"]
[EventType "swiss"]
[EventCountry "IND"]
[SourceTitle "playchess.com"]
[Source "ChessBase"]
[SourceQuality "1"]
[TimeControl "40/5400+30:1800+30"]

1. d4 Nf6 2. Nf3 d5 3. e3 e6 4. Bd3 Bd6 5. b3 Nbd7 6. Bb2 O-O 7. O-O b6 8. Nbd2 Bb7 9. Ne5 Ne4 10. f3 Nxd2 11. Qxd2 f6 12. Nxd7 Qxd7 13. c4 f5 14. f4 Rf6 15. Rac1 Rg6 16. c5 bxc5 17. dxc5 Be7 18. Bd4 Bf6 19. Rf3 Rf8 20. Qf2 Bc6 21. Rg3 Bh4 22. b4 Bxg3 23. hxg3 Bb5 24. Bxb5 Qxb5 25. a3 a5 26. Qd2 axb4 27. axb4 Rxg3 28. Qf2 Rg4 29. Bc3 Ra8 30. Qd2 Ra4 31. Re1 Qc4 32. Ra1 Rxa1+ 33. Bxa1 Qb3 34. Bd4 Qb1+ 35. Kf2 Qe4 36. Kf1 Qb1+ 37. Kf2 Qh1 38. Kf3 Qf1+ 39. Qf2 Qd1+ 40. Qe2 Rg3+ 41. Kf2 Rxg2+ 42. Kxg2 Qxe2+ 43. Kg1 Kf7 44. Be5 Kg6 45. Bxc7 Kh5 46. c6 Kg4 47. Bd8 Kf3 48. c7 Qg2# 0-1

[Event "IIFL Wealth  4th Mumbai Junior U-13"]
[Site "Mumbai"]
[Date "2019.01.05"]
[Round "7"]
[White "Dawda Vihaan"]
[Black "Yash Satish Parab"]
[Result "1-0"]
[ECO "C54"]
[WhiteElo "1212"]
[BlackElo "1058"]
[Annotator "NA RC"]
[PlyCount "131"]
[EventDate "2018.12.30"]
[EventType "swiss"]
[EventCountry "IND"]
[SourceTitle "playchess.com"]
[Source "ChessBase"]
[SourceQuality "1"]
[TimeControl "40/5400+30:1800+30"]

1. e4 e5 2. Nf3 Nc6 3. Bc4 Bc5 4. c3 Nf6 5. d3 d6 6. Nbd2 O-O 7. Bb3 a6 8. h3 Be6 9. Nf1 h6 10. Ng3 Ne7 11. Nh4 Qd7 12. Qf3 Ng6 13. Nhf5 d5 14. Nxh6+ Kh8 15. Nhf5 dxe4 16. dxe4 Bxb3 17. axb3 Rad8 18. Bg5 Qd3 19. Bxf6 Qd2+ 20. Kf1 gxf6 21. Qh5+ Kg8 22. Nh6+ Kh7 23. Ng4+ Kg8 24. Nxf6+ Kg7 25. Ng4 Kg8 26. Nf5 Qd1+ 27. Rxd1 Rxd1+ 28. Ke2 Nf4+ 29. Kxd1 Nxh5 30. Nxe5 Rd8+ 31. Ke2 Re8 32. Nh6+ Kg7 33. Nhxf7 Re7 34. Rd1 Bd6 35. Nxd6 cxd6 36. Nc4 Rxe4+ 37. Kd3 d5 38. Ne3 Nf4+ 39. Kc2 Re5 40. Rd4 Ne6 41. Rxd5 Re4 42. Rd7+ Kf6 43. Rxb7 Nc5 44. Rb6+ Re6 45. Rxe6+ Kxe6 46. b4 Ne4 47. f3 Nd6 48. c4 Ke5 49. Kd3 Ke6 50. f4 Kf7 51. g4 Ke6 52. Kd4 Ke7 53. Nf5+ Nxf5+ 54. gxf5 Kf6 55. c5 Kxf5 56. c6 Ke6 57. f5+ Kd6 58. f6 Ke6 59. c7 Kd7 60. f7 Kxc7 61. f8=Q Kb6 62. Qc5+ Kb7 63. Kd5 Kb8 64. Qe7 a5 65. Kc6 Ka8 66. Qb7# 1-0

[Event "IIFL Wealth  4th Mumbai Junior U-13"]
[Site "Mumbai"]
[Date "2019.01.05"]
[Round "7"]
[White "Shah Viha"]
[Black "Jain Hitansh"]
[Result "1-0"]
[ECO "B12"]
[WhiteElo "1212"]
[BlackElo "1008"]
[Annotator "NA RC"]
[PlyCount "69"]
[EventDate "2018.12.30"]
[EventType "swiss"]
[EventCountry "IND"]
[SourceTitle "playchess.com"]
[Source "ChessBase"]
[SourceQuality "1"]
[TimeControl "40/5400+30:1800+30"]

1. e4 c6 2. d4 d5 3. e5 Bf5 4. h4 h6 5. g4 Be4 6. f3 Bg6 7. e6 Qd6 8. exf7+ Bxf7 9. Ne2 Nd7 10. Bf4 Qb4+ 11. Bd2 Qb6 12. Bc3 e6 13. Nd2 Bd6 14. Nb3 Ne7 15. a3 Qc7 16. Qd2 Ng6 17. O-O-O Nf4 18. Kb1 Nxe2 19. Qxe2 Nf6 20. Bh3 Qe7 21. g5 hxg5 22. hxg5 Nh5 23. g6 Bxg6 24. Bxe6 Qxe6 25. Qxe6+ {[%emt 0:00:30] Bf7 [%clk 0:51:22] Rde1+ Bxe6 [%clk 0:48:42] Rxe6+ [%clk 0:57:36] Kd7 [%clk 0:48:58] Rg6 [%clk 0:56:16]} Be7 26. Nc1 {[%emt 0:02:46] Bf6 [%clk 0:39:05] Nd3 [%clk 0:53:43]} b6 27. f4 {[%emt 0:24:37] Ke7 Re1+ [%clk 0:50:19] Kf7 [%clk 0:29:01] Rg4 [%clk 0:47:17] Rae8 [%clk 0:24:57] Ne5+ [%clk 0:38:29] Bxe5 [%clk 0:24:37] fxe5 [%clk 0:37:01]} c5 {[%emt 0:15:00] Rf1+ Kg8 [%clk 0:18:40] Rh1 [%clk 0:34:07] Kf7 [%clk 0:13:53] Rg5 [%clk 0:33:42] g6 [%clk 0:13:53] Rf1+ [%clk 0:34:00] Kg7 [%clk 0:13:51] e6 [%clk 1:02:26] Kh6 [%clk 0:42:55] Rxd5 [%clk 1:00:30] Rxe6 [%clk 0:41:44]} 28. dxc5 Rc8 29. Bd2 {[%emt 0:00:00] Kg7 [%clk 0:41:49] Rd7+ [%clk 1:00:00] Kg8 [%clk 0:42:08] Rd6 [%clk 0:58:40] Rxd6 [%clk 0:41:55] cxd6 [%clk 0:59:03]} Rd8 {[%emt 0:00:00] Re1 [%clk 0:51:25] Rxd6 [%clk 0:42:10]} 30. Bb4 {[%emt 0:00:00] Rd8 [%clk 0:41:32] Re6 [%clk 0:51:23]} a5 31. Bc3 Rb8 {[%emt 0:00:00] Rxg6+ [%clk 0:51:36] Kf7 [%clk 0:38:16] Rg5 [%clk 0:51:52] Nf4 [%clk 0:37:09] Rf5+ [%clk 0:52:05] Ke6 [%clk 0:37:17] Rxf4 [%clk 0:52:29] Re8 [%clk 0:36:13] Re4+ [%clk 0:52:16] Kf7 [%clk 0:36:37] Rxe8 [%clk 0:52:39] Kxe8 [%clk 0:37:02]} 32. Ka2 a4 33. b3 b5 34. bxa4 bxa4 35. Bb4 {[%emt 0:00:00] Kd7 [%clk 0:38:30]} 1-0

[Event "IIFL Wealth  4th Mumbai Junior U-13"]
[Site "Mumbai"]
[Date "2019.01.05"]
[Round "7"]
[White "Suhaani Lohia"]
[Black "Borate Tanvi"]
[Result "0-1"]
[ECO "C55"]
[WhiteElo "1200"]
[BlackElo "1035"]
[Annotator "NA RC"]
[PlyCount "70"]
[EventDate "2018.12.30"]
[EventType "swiss"]
[EventCountry "IND"]
[SourceTitle "playchess.com"]
[Source "ChessBase"]
[SourceQuality "1"]
[TimeControl "40/5400+30:1800+30"]

1. e4 e5 2. Nf3 Nc6 3. d4 exd4 4. Bc4 Nf6 5. e5 d5 6. Bb5 Ne4 7. Nxd4 Bd7 8. Bxc6 Bxc6 9. O-O Bc5 10. f3 Ng5 11. f4 Ne4 12. Be3 O-O 13. Nd2 Bxd4 14. Bxd4 Nxd2 15. Qxd2 Bb5 16. Rf3 Qe7 17. Rg3 c5 18. Bf2 d4 19. Re1 Kh8 20. Rh3 Qe6 21. Qd1 Bd7 22. Qh5 Qf5 23. Rc1 Rac8 24. Qxf5 Bxf5 25. Rb3 b6 26. Ra3 Rc7 27. c3 d3 28. Be3 f6 29. exf6 Rxf6 30. h3 h5 31. Kf2 Rd7 32. Rd1 Rfd6 33. Rd2 Re6 34. Rd1 Rde7 35. Re1 Rxe3 {[%emt 0:07:14] Ke2} 0-1

[Event "IIFL Wealth  4th Mumbai Junior U-13"]
[Site "Mumbai"]
[Date "2019.01.05"]
[Round "7"]
[White "Aarav Bhavin Mehta"]
[Black "Balkawade Sai"]
[Result "0-1"]
[ECO "D05"]
[WhiteElo "1166"]
[BlackElo "1482"]
[Annotator "NA"]
[PlyCount "93"]
[EventDate "2018.12.30"]
[EventType "swiss"]
[EventCountry "IND"]
[SourceTitle "playchess.com"]
[Source "ChessBase"]
[SourceQuality "1"]
[TimeControl "40/5400+30:1800+30"]

1. d4 d5 2. Nf3 Nf6 3. e3 e6 4. Bd3 c5 5. b3 Nc6 6. O-O Be7 7. Bb2 Nb4 8. Be2 O-O 9. a3 Nc6 10. Ne5 Ne8 11. Bd3 Nxe5 12. dxe5 f5 13. f4 Nc7 14. Qe2 Bd7 15. a4 a6 16. c4 Bc6 17. Rd1 Qd7 18. cxd5 Bxd5 19. Bc4 Qc6 20. Bxd5 Nxd5 21. Nc3 Nxc3 22. Bxc3 Rfd8 23. Rac1 b5 24. a5 Rxd1+ 25. Rxd1 b4 26. Bb2 Qb5 27. Qf3 Rd8 28. Ra1 Rd3 29. Qe2 Qd7 30. Rb1 Qd5 31. Ba1 Rd2 32. Qf1 Ra2 33. Qf3 Qxf3 34. gxf3 Rxa5 35. e4 g6 36. Kf2 Ra2+ 37. Bb2 Kf8 38. Ke3 Ke8 39. Kd3 Kd7 40. Kc4 Kc6 41. h3 a5 42. exf5 gxf5 43. Kd3 Kb5 44. Kc2 c4 45. bxc4+ Kxc4 46. Rd1 Bc5 47. Rd3 0-1

[Event "IIFL Wealth  4th Mumbai Junior U-13"]
[Site "Mumbai"]
[Date "2019.01.05"]
[Round "7"]
[White "Ks Saikrishna"]
[Black "Manusha, D M Nipun"]
[Result "1/2-1/2"]
[ECO "C28"]
[WhiteElo "1138"]
[BlackElo "1214"]
[Annotator "NA"]
[PlyCount "62"]
[EventDate "2018.12.30"]
[EventType "swiss"]
[EventCountry "IND"]
[SourceTitle "playchess.com"]
[Source "ChessBase"]
[SourceQuality "1"]
[TimeControl "40/5400+30:1800+30"]

1. e4 e5 2. Nc3 Nf6 3. Bc4 Nc6 4. d3 d6 5. f4 Be7 6. Nf3 Bg4 7. h3 Bxf3 8. Qxf3 Qd7 9. f5 Nd4 10. Qf2 b5 11. Bb3 Nxb3 12. axb3 a6 13. Be3 c6 14. g4 d5 15. exd5 cxd5 16. Bg5 Nxg4 17. hxg4 Bxg5 18. Qc5 Rc8 19. Qb6 Rc6 20. Qb8+ Qc8 21. Qxe5+ Kf8 22. Qxd5 Rxc3 23. bxc3 Qxc3+ 24. Kf2 Qd2+ 25. Kg3 Bf4+ 26. Kf3 Qe3+ 27. Kg2 Qe2+ 28. Kh3 Qe3+ 29. Kg2 Qe2+ 30. Kh3 Qe3+ 31. Kg2 Qe2+ 1/2-1/2

[Event "IIFL Wealth  4th Mumbai Junior U-13"]
[Site "Mumbai"]
[Date "2019.01.05"]
[Round "7"]
[White "Shah, Viraj Bhaveshu"]
[Black "Varshita Jain"]
[Result "0-1"]
[ECO "C42"]
[WhiteElo "1119"]
[BlackElo "1461"]
[Annotator "NA RC"]
[PlyCount "76"]
[EventDate "2018.12.30"]
[EventType "swiss"]
[EventCountry "IND"]
[SourceTitle "playchess.com"]
[Source "ChessBase"]
[SourceQuality "1"]
[TimeControl "40/5400+30:1800+30"]

1. e4 e5 2. Nf3 Nf6 3. Nxe5 d6 4. Nf3 Nxe4 5. Nc3 Nxc3 6. dxc3 Be7 7. Be3 O-O 8. Qd2 d5 9. O-O-O c6 10. Bd3 h6 11. Bxh6 Be6 12. Kb1 c5 13. Be3 c4 14. Be2 a5 15. h4 b5 16. g4 b4 17. h5 bxc3 18. Qxc3 Bb4 19. Qe5 Bd6 20. Qc3 Bb4 21. Qe5 Bd6 22. Qd4 Nc6 23. Qd2 Bxg4 24. Rdg1 Be6 25. h6 g6 26. h7+ Kh8 27. Ng5 Qf6 28. Bxc4 dxc4 29. Qxd6 Rab8 30. c3 Bf5+ 31. Ne4 Bxe4+ 32. Kc1 Qxd6 33. Rd1 Qxd1+ 34. Rxd1 Kxh7 35. Rf1 Ne5 36. Rg1 Nd3+ 37. Kd2 Rxb2+ 38. Kd1 Bf3# 0-1

[Event "IIFL Wealth  4th Mumbai Junior U-13"]
[Site "Mumbai"]
[Date "2019.01.05"]
[Round "7"]
[White "Shreyas Ravindra Patil"]
[Black "Dande Vyankatesh S"]
[Result "0-1"]
[ECO "C42"]
[WhiteElo "1110"]
[BlackElo "1418"]
[Annotator "NA RC"]
[PlyCount "132"]
[EventDate "2018.12.30"]
[EventType "swiss"]
[EventCountry "IND"]
[SourceTitle "playchess.com"]
[Source "ChessBase"]
[SourceQuality "1"]
[TimeControl "40/5400+30:1800+30"]

1. e4 e5 2. Nf3 Nf6 3. Nxe5 d6 4. Nf3 Nxe4 5. d3 Nf6 6. Bg5 Be7 7. Be2 Nc6 8. Nbd2 Be6 9. O-O h6 10. Bh4 Ng4 11. Bxe7 Qxe7 12. Re1 h5 13. Bf1 O-O-O 14. d4 d5 15. h3 Qf6 16. hxg4 hxg4 17. Bb5 gxf3 18. Qxf3 Nxd4 19. Qxf6 gxf6 20. Bd3 Rh6 21. c3 Rdh8 22. f3 Nc6 23. f4 Rh4 24. f5 Ne5 25. Bc2 Ng4 26. Kf1 Bd7 27. Nf3 Bb5+ 28. Re2 Rh1+ 29. Ng1 Re8 30. Rae1 Rxe2 31. Rxe2 Bxe2+ 32. Kxe2 Rxg1 33. Kf3 Ne5+ 34. Kf2 Ra1 35. Bb3 Rb1 36. Bxd5 Rxb2+ 37. Kg3 Rc2 38. Kh4 Rxc3 39. Kh5 c6 40. Bb3 Rg3 41. Kh4 Rxg2 42. Kh3 Rf2 43. Kg3 Rxf5 44. Bc2 Rf3+ 45. Kg2 Rc3 46. Bb3 Rxb3 47. axb3 b5 48. Kg3 a5 49. Kf2 a4 50. bxa4 bxa4 51. Ke3 a3 52. Kd2 Nc4+ 53. Kc3 a2 54. Kxc4 a1=Q 55. Kc5 Kc7 56. Kc4 Qa5 57. Kd3 Qe5 58. Kc4 Qd5+ 59. Kc3 Qe4 60. Kd2 Qf3 61. Ke1 Qg2 62. Kd1 Kd6 63. Kc1 Kc5 64. Kb1 Kc4 65. Ka1 Kb3 66. Kb1 Qg1# 0-1

[Event "IIFL Wealth  4th Mumbai Junior U-13"]
[Site "Mumbai"]
[Date "2019.01.05"]
[Round "7"]
[White "Arushi Srichandan"]
[Black "Shreyas Seshadri Nallore"]
[Result "0-1"]
[ECO "C28"]
[WhiteElo "1100"]
[BlackElo "1343"]
[Annotator "NA RC"]
[PlyCount "100"]
[EventDate "2018.12.30"]
[EventType "swiss"]
[EventCountry "IND"]
[SourceTitle "playchess.com"]
[Source "ChessBase"]
[SourceQuality "1"]
[TimeControl "40/5400+30:1800+30"]

1. e4 e5 2. Bc4 Nf6 3. Nc3 Nc6 4. d3 h6 5. f4 d6 6. f5 Na5 7. Bb3 Nxb3 8. axb3 d5 9. Nf3 dxe4 10. dxe4 Qxd1+ 11. Kxd1 Bd6 12. Re1 Bd7 13. Nd2 a6 14. Nc4 O-O-O 15. Nxd6+ cxd6 16. Be3 Bc6 17. Bb6 Rd7 18. b4 Kb8 19. Kd2 d5 20. exd5 Nxd5 21. Nxd5 Rxd5+ 22. Kc3 Bd7 23. Rad1 Rxd1 24. Rxd1 Bxf5 25. Kb3 Re8 26. Rd8+ Rxd8 27. Bxd8 Kc8 28. Be7 h5 29. c3 Kd7 30. Bc5 Ke6 31. c4 Be4 32. g3 Kf5 33. h3 Bg2 34. h4 Kg4 35. Bf2 Kf3 36. Be1 Ke2 37. Bc3 f6 38. Kc2 Be4+ 39. Kc1 Kf2 40. Kd1 Kxg3 41. Be1+ Kf4 42. Ke2 f5 43. Bd2+ Kg4 44. Bg5 f4 45. Kf2 Bd3 46. c5 e4 47. Be7 e3+ 48. Ke1 f3 49. Bg5 f2+ 50. Kd1 f1=R# 0-1

[Event "IIFL Wealth  4th Mumbai Junior U-13"]
[Site "Mumbai"]
[Date "2019.01.05"]
[Round "7"]
[White "Jai Adithya S"]
[Black "Anirudh Satish"]
[Result "0-1"]
[ECO "C54"]
[WhiteElo "1100"]
[BlackElo "1101"]
[Annotator "NA RC"]
[PlyCount "70"]
[EventDate "2018.12.30"]
[EventType "swiss"]
[EventCountry "IND"]
[SourceTitle "playchess.com"]
[Source "ChessBase"]
[SourceQuality "1"]
[TimeControl "40/5400+30:1800+30"]

1. e4 e5 2. Nf3 Nc6 3. Bc4 Bc5 4. c3 Nf6 5. d3 O-O 6. Bg5 h6 7. Bh4 Be7 8. Nbd2 d5 9. Bxf6 dxc4 10. Bxe7 Nxe7 11. Nxc4 f6 12. d4 b5 13. Na5 exd4 14. Qb3+ Kh8 15. Nxd4 c5 16. Ndc6 Qc7 17. Nxe7 Qxe7 18. O-O Qc7 19. Qd5 Bh3 20. gxh3 Qxa5 21. Qxc5 Rac8 22. Qf5 Qb6 23. Rad1 b4 24. cxb4 Qxb4 25. b3 Qa3 26. Rd2 Rc1 27. Qd5 Rc5 28. Qd6 Rfc8 29. Rc2 Rg5+ 30. Kh1 Qxd6 31. Rxc8+ Kh7 32. Rfc1 Qf4 33. R8c3 Qxe4+ 34. f3 Qe2 35. R1c2 Qf1# 0-1

[Event "IIFL Wealth  4th Mumbai Junior U-13"]
[Site "Mumbai"]
[Date "2019.01.05"]
[Round "7"]
[White "Sureka Akshat"]
[Black "Mitank Maru"]
[Result "0-1"]
[ECO "A10"]
[WhiteElo "1078"]
[BlackElo "1312"]
[Annotator "NA RC"]
[PlyCount "80"]
[EventDate "2018.12.30"]
[EventType "swiss"]
[EventCountry "IND"]
[SourceTitle "playchess.com"]
[Source "ChessBase"]
[SourceQuality "1"]
[TimeControl "40/5400+30:1800+30"]

1. c4 f5 2. g3 e6 3. Bg2 Nf6 4. Nf3 Be7 5. O-O O-O 6. b3 d5 7. Bb2 c6 8. d3 Qe8 9. Nbd2 Qh5 10. e4 Rd8 11. Ne5 dxe4 12. dxe4 Qh6 13. f4 Bb4 14. Bc1 Bc3 15. Rb1 Bxe5 16. fxe5 Ng4 17. h3 Qe3+ 18. Kh1 Nf2+ 19. Rxf2 Qxf2 20. exf5 Qxf5 21. Qe2 Nd7 22. Bb2 Nc5 23. Ne4 Nxe4 24. Qxe4 Qxe4 25. Bxe4 Rd2 26. Ba3 Re2 27. Rf1 Bd7 28. Bb1 c5 29. Kg1 Bc6 30. Rf2 Re1+ 31. Rf1 Rxe5 32. Bc1 Rd8 33. Bc2 Re2 34. Rf2 Rxf2 35. Kxf2 Rf8+ 36. Kg1 Rf3 37. Bf4 g5 38. Be5 Re3 39. Bc7 Rc3 40. Bd1 Rc1 0-1

[Event "IIFL Wealth  4th Mumbai Junior U-13"]
[Site "Mumbai"]
[Date "2019.01.05"]
[Round "7"]
[White "Sri Rashmika M"]
[Black "Wahba, David George"]
[Result "1-0"]
[ECO "D10"]
[WhiteElo "1039"]
[BlackElo "1295"]
[Annotator "NA RC"]
[PlyCount "73"]
[EventDate "2018.12.30"]
[EventType "swiss"]
[EventCountry "IND"]
[SourceTitle "playchess.com"]
[Source "ChessBase"]
[SourceQuality "1"]
[TimeControl "40/5400+30:1800+30"]

1. d4 d5 2. c4 c6 3. Nc3 Nf6 4. Bg5 Bf5 5. e3 e6 6. Nf3 Bd6 7. cxd5 cxd5 8. Bd3 Bxd3 9. Qxd3 h6 10. Bh4 O-O 11. O-O Nbd7 12. Rac1 Rc8 13. Rfd1 a6 14. e4 dxe4 15. Nxe4 Rxc1 16. Rxc1 Be7 17. h3 Nxe4 18. Qxe4 Kh8 19. Bxe7 Qxe7 20. Qxb7 Qd6 21. Rc8 Rxc8 22. Qxc8+ Kh7 23. Qc4 Qf4 24. b4 f6 25. Qxe6 Qc1+ 26. Qe1 Qxe1+ 27. Nxe1 Kg6 28. Kf1 Kf5 29. Nd3 Ke4 30. Nc5+ Nxc5 31. dxc5 Kd5 32. Ke2 a5 33. a3 g5 34. g4 a4 35. f3 Kc6 36. Ke3 Kb5 37. Ke4 1-0

[Event "IIFL Wealth  4th Mumbai Junior U-13"]
[Site "Mumbai"]
[Date "2019.01.05"]
[Round "7"]
[White "Kapadia Prisha"]
[Black "Jain, Kushagra"]
[Result "0-1"]
[ECO "A41"]
[WhiteElo "1037"]
[BlackElo "1323"]
[Annotator "NA RC"]
[PlyCount "120"]
[EventDate "2018.12.30"]
[EventType "swiss"]
[EventCountry "IND"]
[SourceTitle "playchess.com"]
[Source "ChessBase"]
[SourceQuality "1"]
[TimeControl "40/5400+30:1800+30"]

1. d4 d6 2. Nf3 g6 3. g3 Bg7 4. Bg2 Nf6 5. O-O O-O 6. b3 Nc6 7. Bb2 Bg4 8. Nbd2 Qd7 9. c4 Bh3 10. e3 Bxg2 11. Kxg2 Nh5 12. Qe2 e5 13. dxe5 dxe5 14. Rfd1 Rad8 15. a3 f5 16. Nf1 Qe7 17. Rxd8 Nxd8 18. N1d2 e4 19. Nd4 c5 20. Nxf5 gxf5 21. Qxh5 Bxb2 22. Ra2 Bg7 23. Qe2 Ne6 24. h4 Rd8 25. Rc2 Qd7 26. Nb1 Qd3 27. Qxd3 Rxd3 28. b4 Rb3 29. Rc1 cxb4 30. axb4 Rxb4 31. Nd2 Nc5 32. Rc2 Rb2 33. Rxb2 Bxb2 34. f3 a5 35. g4 exf3+ 36. Kxf3 fxg4+ 37. Kxg4 a4 38. Nb1 Ne4 39. Kf4 Nc3 40. Nxc3 Bxc3 41. Ke4 a3 42. Kd3 a2 43. Kxc3 a1=Q+ 44. Kd3 Qb2 45. Ke4 Qd2 46. c5 Kf7 47. h5 Ke6 48. h6 Qd5+ 49. Kf4 Qf5+ 50. Kg3 Qe4 51. Kf2 Kf5 52. Ke2 Qc2+ 53. Kf3 Qd1+ 54. Kg3 Qg4+ 55. Kf2 Ke4 56. c6 bxc6 57. Ke1 Kxe3 58. Kf1 Qe2+ 59. Kg1 Kf3 60. Kh1 Qg2# 0-1

[Event "IIFL Wealth  4th Mumbai Junior U-13"]
[Site "Mumbai"]
[Date "2019.01.05"]
[Round "7"]
[White "Vittanala Shanmuk Saish"]
[Black "Medhansh Rathi"]
[Result "0-1"]
[ECO "C77"]
[WhiteElo "1005"]
[BlackElo "1194"]
[Annotator "NA RC"]
[PlyCount "116"]
[EventDate "2018.12.30"]
[EventType "swiss"]
[EventCountry "IND"]
[SourceTitle "playchess.com"]
[Source "ChessBase"]
[SourceQuality "1"]
[TimeControl "40/5400+30:1800+30"]

1. e4 e5 2. Nf3 Nc6 3. Bb5 a6 4. Ba4 Nf6 5. Bxc6 dxc6 6. d3 Bd6 7. Nbd2 O-O 8. Nc4 Re8 9. Bd2 Bd7 10. Ne3 Qe7 11. h3 Rab8 12. g4 Be6 13. g5 Nd7 14. h4 Nf8 15. h5 Qd7 16. Nh4 g6 17. h6 Be7 18. Rg1 Qd8 19. Nc4 Bxc4 20. dxc4 Ne6 21. Qg4 Nd4 22. O-O-O Qc8 23. Qxc8 Rbxc8 24. Kb1 Rcd8 25. Rge1 Ne6 26. Be3 Nxg5 27. Bc1 Rxd1 28. Rxd1 Nxe4 29. Nf3 Bd6 30. Be3 f5 31. Ng5 Nxg5 32. Bxg5 Be7 33. Bxe7 Rxe7 34. Rd8+ Kf7 35. Rh8 Kf6 36. Kc1 Kg5 37. Rb8 b6 38. Ra8 a5 39. Kd2 Kxh6 40. Ke3 Kg5 41. Rd8 h5 42. Kf3 h4 43. Rh8 e4+ 44. Kg2 Kg4 45. Rh6 Rg7 46. c3 Kg5 47. Rh8 Rd7 48. b4 Re7 49. c5 axb4 50. cxb4 b5 51. Kh3 e3 52. Kg2 e2 53. f4+ Kg4 54. Rh6 e1=Q 55. Rxg6+ Kh5 56. Rg5+ Kh6 57. Rxf5 Qg3+ 58. Kf1 Re1# 0-1